 Adventure DCSS version bcrawl-1.21.2-28-g2cb1824106 (webtiles) character file.

Game seed: 13274837597257823755

250 Defined the Magician (level 6, -1/44 HPs)
             Began as a Gnoll Wizard on Feb 25, 2020.
             Succumbed to a kobold's poison
             ... on level 3 of the Dungeon on Feb 29, 2020.
             The game lasted 00:14:05 (4878 turns).

Defined the Magician (Gnoll Wizard)                 Turns: 4878, Time: 00:14:06

Health: -1/44      AC:  3    Str:  9    XL:     6   Next: 13%
Magic:  8/16       EV: 14    Int: 25    God:
Gold:   225        SH:  0    Dex: 13    Spells: 11/20 levels left
                                        Lives:  0   Deaths: 2

rFire    x . .     SeeInvis .   j - +1 spear
rCold    + . .     Gourm    .   (no shield)
rNeg     . . .     Faith    .   a - +0 leather armour
rPois    .         Spirit   .   c - +0 hat
rElec    .         Reflect  .   (no cloak)
rCorr    .         Harm     .   (no gloves)
MR       .....                  (no boots)
Stlth    +++++.....             (no amulet)
HPRegen  0.14/turn              q - ring of ice
MPRegen  0.15/turn              h - ring of stealth

@: lethally poisoned (-1 -> -25)
A: distributed training, fangs 1, clever 1, subdued magic 1, strong nose
a: no special abilities


You were on level 3 of the Dungeon.
You were very full.

You visited 2 branches of the dungeon, and saw 5 of its levels.

You collected 225 gold pieces.

Inventory:

Hand Weapons
 j - a +1 spear (weapon)
 t - a -1 club
Missiles
 f - 131 stones (quivered)
 g - 208 poisoned needles
 i - 61 curare-tipped needles
Armour
 a - a +0 leather armour (worn)
 b - a +0 robe
 c - a +0 hat (worn)
Jewellery
 h - a ring of stealth (right hand)
 q - a ring of ice (left hand)
Scrolls
 d - 3 scrolls of remove curse
 k - 3 scrolls of blinking
 r - 2 scrolls of fog
Potions
 l - a potion of mutation
 m - a potion of flight
 n - 2 potions of might
 p - a potion of degeneration
Comestibles
 e - 3 rations {!d}
 o - 6 chunks of flesh


   Skills:
 + Level 2.2 Fighting
 + Level 2.2 Short Blades
 + Level 2.2 Long Blades
 + Level 2.2 Axes
 + Level 2.2 Maces & Flails
 + Level 2.2 Polearms
 + Level 2.2 Staves
 + Level 2.2 Slings
 + Level 2.2 Bows
 + Level 2.2 Crossbows
 + Level 2.2 Throwing
 + Level 2.2 Armour
 + Level 5.1 Dodging
 + Level 5.1 Stealth
 + Level 2.2 Shields
 + Level 2.2 Unarmed Combat
 + Level 7.5 Spellcasting
 + Level 2.8 Conjurations
 + Level 1.7 Hexes
 + Level 1.7 Charms
 + Level 2.8 Summonings
 + Level 1.7 Necromancy
 + Level 2.8 Translocations
 + Level 1.7 Transmutations
 + Level 1.7 Fire Magic
 + Level 1.7 Ice Magic
 + Level 1.7 Air Magic
 + Level 1.7 Earth Magic
 + Level 1.7 Poison Magic
 + Level 2.4 Invocations
 + Level 2.2 Evocations


You had 11 spell levels left.
You knew the following spells:

 Your Spells              Type           Power        Failure   Level  Hunger
a - Magic Dart            Conj           ###.         1%          1    None
b - Call Imp              Summ           ###...       3%          2    None
c - Sandblast             Erth           ##....       3%          1    None
d - Mephitic Cloud        Conj/Pois/Air  ###.....     9%          3    None
z - Blink                 Tloc           N/A          3%          2    None

Your spell library contained the following spells:

 Spells                   Type           Power        Failure   Level  Hunger
 Apportation              Tloc           ###...       1%          1    None
 Summon Butterflies       Summ           ###.....     1%          1    None
 Infusion                 Chrm           ##......     3%          1    None
 Slow                     Hex            ##......     3%          1    None
 Conjure Flame            Conj/Fire      ###.....     8%          3    None
 Spider Form              Tmut/Pois      ##.          11%         3    None


Dungeon Overview and Level Annotations

Branches:
Dungeon (4/12)             Temple (1/1) D:4

Altars:
Ashenzari
Cheibriados
Fedhas
Hepliaklqana
Kikubaaqudgha
Makhleb
Nemelex Xobeh
Okawaru
Ru
Trog
Uskayaw
Xom
Yredelemnul
Zin
The Shining One

Annotations:
D:3 Grinder


Innate Abilities, Weirdness & Mutations

Your experience applies equally to all skills.
You have very sharp teeth.
Your uncanny sense of smell can sniff out nearby items.
Your mind is acute. (Int +2)
Your spells are a little easier to cast, but a little less powerful.


Message History

Confirm with . or Enter, or press ? or * to list all spells.
A beastly little devil appears in a puff of flame.
* * * LOW HITPOINT WARNING * * *
You feel sick.
The kobold shoots a poisoned needle.
The poisoned needle barely misses your crimson imp.
The poisoned needle hits you!
You are more poisoned.
Casting: Call Imp (safe; 3% risk of failure)
Confirm with . or Enter, or press ? or * to list all spells.
You can't see any susceptible monsters within range! (Use Z to cast anyway.)
As you read the scroll of fog, it crumbles to dust.
The scroll dissolves into smoke.
* * * LOW HITPOINT WARNING * * *
You feel sick.
Your crimson imp blinks!
Unknown command.
As you read the scroll labeled ZEOFILEWNI, it crumbles to dust.
It is a scroll of enchant weapon.
Your +0 spear glows red for a moment.
You die...

#..........####.........#>.
#..........# #.>..........
#..........# #.........#.#
#..........####.......).#.#
#####........##............
######.#............)..
########§§§.##########.#.
##.....§§§§#....# ##.##
####..######@#####.### #..#
#....## #§# #...####.###
#...## #5# ###..##.####
###.# #.# ####.##..# #.#
#.# #.#.#.# #.# #.# ##.##.#
#.# #K# ###÷## #.#
#.5......# ###.#.# #.#
#........# #..##.#


You could see a friendly crimson imp.

Vanquished Creatures
  Sigmund (D:2)
  A howler monkey (D:4)
  A crimson imp (D:3)
  An orc priest (D:3)
  A hound (D:3)
  An orc wizard (D:3)
  Jessica (D:3)
  A worker ant (D:4)
  3 adders (D:4)
  A worm (D:4)
  A dart slug (D:2)
  6 leopard geckos
  4 orcs
  A ball python (D:3)
  5 hobgoblins
  5 jackals
  5 quokkas
  10 bats
  4 frilled lizards
  3 goblins (D:1)
  10 kobolds
  8 rats
74 creatures vanquished.

Vanquished Creatures (collateral kills)
  A worm (D:2)
  A quokka (D:2)
  2 kobolds
4 creatures vanquished.

Vanquished Creatures (others)
  A rat (D:2)
1 creature vanquished.

Grand Total: 79 creatures vanquished

Notes
Turn   | Place    | Note
-------+----------+-------------------------------------------
     0 | D:1      | Defined the Gnoll Wizard began the quest for the Orb.
     0 | D:1      | Reached XP level 1. HP: 13/13 MP: 8/8
   130 | D:1      | Reached XP level 2. HP: 19/19 MP: 7/10
   352 | D:1      | Learned a level 2 spell: Blink
   355 | D:1      | Learned a level 2 spell: Call Imp
   962 | D:1      | Reached XP level 3. HP: 25/25 MP: 11/11
  1490 | D:2      | Found an ancient bone altar of Kikubaaqudgha.
  1490 | D:2      | Found a hazy altar of Hepliaklqana.
  1844 | D:2      | Noticed Sigmund
  1867 | D:2      | Reached skill level 1 in Invocations
  1869 | D:2      | Slain by Sigmund
  1870 | D:2      | Reached XP level 2. HP: -4/20 MP: 5/10
  1988 | D:2      | HP: 1/20 [leopard gecko (3)]
  2409 | D:2      | Reached XP level 3. HP: 25/25 MP: 11/11
  2418 | D:2      | Found a shadowy altar of Dithmenos.
  2420 | D:2      | Found a sacrificial altar of Ru.
  2420 | D:2      | Found a hazy altar of Hepliaklqana.
  2423 | D:2      | Found a snail-covered altar of Cheibriados.
  2423 | D:2      | Found a hide-covered altar of Uskayaw.
  2423 | D:2      | Found a shimmering altar of Xom.
  2462 | D:2      | Reached skill level 1 in Fighting
  2462 | D:2      | Reached skill level 1 in Short Blades
  2462 | D:2      | Reached skill level 1 in Long Blades
  2462 | D:2      | Reached skill level 1 in Axes
  2462 | D:2      | Reached skill level 1 in Maces & Flails
  2462 | D:2      | Reached skill level 1 in Polearms
  2462 | D:2      | Reached skill level 1 in Staves
  2462 | D:2      | Reached skill level 1 in Slings
  2462 | D:2      | Reached skill level 1 in Bows
  2462 | D:2      | Reached skill level 1 in Crossbows
  2462 | D:2      | Reached skill level 1 in Throwing
  2462 | D:2      | Reached skill level 1 in Armour
  2462 | D:2      | Reached skill level 1 in Shields
  2462 | D:2      | Reached skill level 1 in Unarmed Combat
  2462 | D:2      | Reached skill level 1 in Evocations
  2691 | D:2      | Killed Sigmund
  2691 | D:2      | Reached skill level 1 in Hexes
  2691 | D:2      | Reached skill level 1 in Charms
  2691 | D:2      | Reached skill level 1 in Necromancy
  2691 | D:2      | Reached skill level 1 in Transmutations
  2691 | D:2      | Reached skill level 1 in Fire Magic
  2691 | D:2      | Reached skill level 1 in Ice Magic
  2691 | D:2      | Reached skill level 1 in Air Magic
  2691 | D:2      | Reached skill level 1 in Earth Magic
  2691 | D:2      | Reached skill level 1 in Poison Magic
  2691 | D:2      | Reached XP level 4. HP: 32/32 MP: 11/13
  2691 | D:2      | Reached XP level 5. HP: 37/37 MP: 11/14
  2723 | D:2      | Learned a level 1 spell: Sandblast
  2766 | D:2      | Found a snail-covered altar of Cheibriados.
  3229 | D:3      | Noticed Jessica
  3234 | D:3      | Killed Jessica
  3288 | D:3      | Reached XP level 6. HP: 44/44 MP: 11/16
  3456 | D:4      | Found a staircase to the Ecumenical Temple.
  3592 | Temple   | Entered the Ecumenical Temple
  3932 | D:4      | Reached skill level 5 in Dodging
  3932 | D:4      | Reached skill level 5 in Stealth
  4070 | D:4      | HP: 3/66 [leopard gecko (2)]
  4072 | D:4      | HP: 1/66 [poisoned by a worker ant]
  4073 | D:4      | Gained mutation: Your spells are a little easier to cast,
                  | but a little less powerful. [potion of mutation]
  4073 | D:4      | Gained mutation: Your mind is acute. (Int +2) [potion of
                  | mutation]
  4074 | D:4      | Succumbed to a worker ant's poison
  4075 | D:4      | Reached XP level 5. HP: 0/57 MP: 1/14
  4137 | D:4      | Upgraded the game from bcrawl-1.21.2-20-g6d45ba5942 to
                  | bcrawl-1.21.2-28-g2cb1824106
  4447 | D:3      | Reached XP level 6. HP: 12/44 MP: 6/16
  4704 | D:3      | Found a sparkling altar of Nemelex Xobeh.
  4824 | D:3      | Noticed Grinder
  4853 | D:3      | Learned a level 3 spell: Mephitic Cloud
  4864 | D:3      | Paralysed by Grinder for 4 turns
  4877 | D:3      | HP: 1/44 [poisoned by a kobold]
  4878 | D:3      | Succumbed to a kobold's poison

Skill      XL: |  1  2  3  4  5  6 |
---------------+-------------------+-----
Conjurations   | 2 |  2.8
Summonings     | 2 |  2.8
Translocations | 2 |  2.8
Invocations    | 1 2 |  2.4
Fighting       | 1 2 |  2.2
Short Blades   | 1 2 |  2.2
Long Blades    | 1 2 |  2.2
Axes           | 1 2 |  2.2
Maces & Flails | 1 2 |  2.2
Polearms       | 1 2 |  2.2
Staves         | 1 2 |  2.2
Slings         | 1 2 |  2.2
Bows           | 1 2 |  2.2
Crossbows      | 1 2 |  2.2
Throwing       | 1 2 |  2.2
Armour         | 1 2 |  2.2
Shields        | 1 2 |  2.2
Unarmed Combat | 1 2 |  2.2
Evocations     | 1 2 |  2.2
Hexes          | 1 |  1.7
Charms         | 1 |  1.7
Necromancy     | 1 |  1.7
Transmutations | 1 |  1.7
Fire Magic     | 1 |  1.7
Ice Magic      | 1 |  1.7
Air Magic      | 1 |  1.7
Earth Magic    | 1 |  1.7
Poison Magic   | 1 |  1.7
Dodging        | 5 |  5.1
Stealth        | 5 |  5.1
Spellcasting   | |  7.5

Action                   |  1- 3 |  4- 6 || total
-------------------------+-------+-------++-------
Melee: Spear             |   180 |    94 ||   274
       Bite              |    11 |     5 ||    16
       Punch             |       |     1 ||     1
 Cast: Magic Dart        |    23 |    51 ||    74
       Call Imp          |     7 |    14 ||    21
       Blink             |     1 |     1 ||     2
       Sandblast         |       |    44 ||    44
  Use: Potion            |     4 |     4 ||     8
       Scroll            |       |    10 ||    10
 Stab: Sleeping          |     6 |     3 ||     9
       Distracted        |       |     1 ||     1
  Eat: Chunk             |     2 |     4 ||     6
       Ration            |       |     2 ||     2
Armor: Robe              |     1 |       ||     1
       Leather armour    |    33 |    20 ||    53
Dodge: Dodged            |   115 |    95 ||   210
